 Dungeon Crawl Stone Soup version 0.22-a0-580-gd5db89c (webtiles) character file.

301 Ekaitz the Insei (level 6, -8/41 HPs)
             Began as an Octopode Transmuter on July 3, 2018.
             Was an Initiate of Makhleb.
             Mangled by Blork the orc
             ... wielding a +0 glaive
              (10 damage)
             ... on level 4 of the Dungeon.
             The game lasted 00:06:57 (2951 turns).

Ekaitz the Insei (Octopode Transmuter)              Turns: 2951, Time: 00:06:57

Health: -8/41      AC:  1    Str:  9    XL:     6   Next: 37%
Magic:  8/9        EV: 16    Int: 15    God:    Makhleb [......]
Gold:   115        SH:  0    Dex: 15    Spells: 3/9 levels left

rFire    . . .     SeeInvis .   e - +4 short sword (venom)
rCold    . . .     Gourm    .   (no shield)
rNeg     . . .     Faith    .   (helmet restricted)
rPois    +         Spirit   .   (no amulet)
rElec    .         Reflect  .   h - ring of protection from magic
rCorr    .         Harm     .   j - +2 ring of evasion
MR       +....                  x - ring of poison resistance
Stlth    +++.......             (no ring)
HPRegen  0.13/turn              (no ring)
MPRegen  0.11/turn              (no ring)
                                (no ring)
                                (no ring)

@: appendage (expiring)
A: almost no armour, stealthy swim, amphibious, 8 rings, constrict 8, tentacle
spike 3, camouflage 1, gelatinous body 1
a: End Transformation, Renounce Religion


You were on level 4 of the Dungeon.
You worshipped Makhleb.
Makhleb was noncommittal.
You were hungry.
One of your tentacles had a temporary spike.
You visited 1 branch of the dungeon, and saw 4 of its levels.

You collected 115 gold pieces.

Inventory:

Hand Weapons
 e - a +4 short sword of venom (weapon)
 i - a +2 dagger of draining
 m - a +2 short sword of speed
 p - a +0 long sword
 v - a +0 trident
 y - a +2 halberd of flaming
Missiles
 a - 49 arrows
 q - 32 poisoned needles
Jewellery
 h - a ring of protection from magic (left tentacle)
 j - a +2 ring of evasion (right tentacle)
 x - a ring of poison resistance (on tentacle)
Scrolls
 d - 2 scrolls of immolation {unknown}
 f - 3 scrolls of remove curse {unknown}
 g - 2 scrolls of identify {unknown}
 k - 3 scrolls of enchant armour {unknown}
 o - a scroll of noise {unknown}
 r - a scroll of blinking {unknown}
 t - a scroll of teleportation {unknown}
 w - a scroll of fear {unknown}
 A - a scroll of fog {unknown}
Potions
 b - a potion of flight {unknown}
 l - a potion of magic {unknown}
 n - a potion of berserk rage {unknown}
 s - 2 potions of heal wounds {unknown}
 u - 2 potions of mutation {unknown}
 z - a potion of brilliance {unknown}
Comestibles
 c - 6 rations
 B - 3 chunks of flesh


   Skills:
 * Level 2.6 Fighting
 + Level 2.8 Short Blades
 + Level 2.4 Dodging
 + Level 3.0 Stealth
 + Level 3.7 Unarmed Combat
 + Level 2.3 Spellcasting
 + Level 2.2 Transmutations
 * Level 2.2 Poison Magic
 * Level 0.5 Invocations


You had 3 spell levels left.
You knew the following spells:

 Your Spells              Type           Power        Failure   Level  Hunger
a - Beastly Appendage     Tmut           #.....       9%          1    #......
b - Sticks to Snakes      Tmut           #.......     13%         2    ###....
c - Spider Form           Tmut/Pois      #.........   26%         3    ###....

Your spell library contained the following spells:

 Spells                   Type           Power        Failure   Level  Hunger
 Blade Hands              Tmut           #.........   93%         5    ######.
 Ice Form                 Ice/Tmut       #.......     80%         4    #####..


Dungeon Overview and Level Annotations

Branches:
Dungeon (4/15)
 Temple: D:4-7

Altars:
Dithmenos
Elyvilon
Hepliaklqana
Makhleb
Qazlal
Trog

Annotations:
D:4 Blork the orc, Dowan


Innate Abilities, Weirdness & Mutations

You cannot wear most types of armour.
You are very stealthy in the water. (Stealth+)
You are amphibious.
You can wear up to eight rings at the same time.
You can use your tentacles to constrict eight enemies at once.
Your skin changes colour to match your surroundings (Stealth+).
Your rubbery body absorbs attacks. (AC +1, EV +1)
One of your tentacles bears a large vicious spike.


Message History

You closely miss Blork the orc. You grab Blork the orc.
Blork the orc is lightly wounded.
You constrict Blork the orc. Blork the orc misses you.
You hit Blork the orc.
You squeeze Blork the orc, but do no damage.
Blork the orc is lightly wounded.
You constrict Blork the orc. Blork the orc closely misses you.
You puncture Blork the orc!
Blork the orc is poisoned.
Blork the orc is heavily wounded.
Your transformation is almost over.
You constrict Blork the orc.
Blork the orc suddenly jeers, as Orcs often do.
Blork the orc barely misses you. Blork the orc hits you with a glaive!
* * * LOW HITPOINT WARNING * * *
You hit Blork the orc.
Blork the orc looks as sick as possible!
You pierce Blork the orc.
Blork the orc is severely wounded.
You constrict Blork the orc. Blork the orc hits you with a glaive!
You die...

.# ....# .. #...#
.. ##g#'# .e ....#
... ...# #..# #.)#
#################o#
...........[....@(#
###################
..........#
#########.#
#<......#.#
#.#####)#.#
#######.#.#
........#.#
#########.#


You could see Blork the orc.

Vanquished Creatures
  A hound (D:4)
  Ijyb (D:4)
  Natasha (thrice) (D:2)
  6 gnolls
  3 adders
  3 worms (D:2)
  A dart slug (D:1)
  3 leopard geckos
  5 orcs
  3 giant cockroaches (D:2)
  7 goblins
  5 hobgoblins
  3 jackals (D:2)
  4 quokkas
  3 ball pythons
  10 bats
  5 frilled lizards
  7 kobolds
  A leopard gecko skeleton (D:4)
  6 rats
80 creatures vanquished.

Notes
Turn   | Place    | Note
-------+----------+-------------------------------------------
     0 | D:1      | Ekaitz the Octopode Transmuter began the quest for the Orb.
     0 | D:1      | Reached XP level 1. HP: 13/13 MP: 3/3
   386 | D:1      | Reached XP level 2. HP: 18/18 MP: 5/5
   582 | D:1      | You fall through a shaft!
   658 | D:2      | Found a white marble altar of Elyvilon.
   873 | D:2      | Found a shadowy altar of Dithmenos.
   882 | D:2      | Reached XP level 3. HP: 23/23 MP: 6/6
   921 | D:2      | Noticed Natasha
   947 | D:2      | Reached skill level 1 in Stealth
   951 | D:2      | Killed Natasha
   951 | D:2      | Reached XP level 4. HP: 26/29 MP: 7/7
   955 | D:2      | Learned a level 2 spell: Sticks to Snakes
   959 | D:2      | Learned a level 3 spell: Spider Form
   972 | D:2      | Reached skill level 1 in Short Blades
   994 | D:2      | Noticed Natasha
  1007 | D:2      | Killed Natasha
  1052 | D:2      | Noticed Natasha
  1060 | D:2      | Killed Natasha
  1060 | D:2      | Reached XP level 5. HP: 9/34 MP: 8/8
  1371 | D:2      | Found a hazy altar of Hepliaklqana.
  1780 | D:3      | Reached skill level 1 in Poison Magic
  1865 | D:3      | Found a bloodstained altar of Trog.
  2062 | D:2      | Found a burning altar of Makhleb.
  2070 | D:2      | Became a worshipper of Makhleb the Destroyer
  2114 | D:3      | Reached XP level 6. HP: 41/41 MP: 9/9
  2147 | D:3      | Found a stormy altar of Qazlal.
  2868 | D:4      | Noticed Dowan
  2931 | D:4      | Noticed Ijyb
  2939 | D:4      | Noticed Blork the orc
  2940 | D:4      | Killed Ijyb
  2950 | D:4      | HP: 2/41 [Blork the orc/glaive (9)]
  2951 | D:4      | Mangled by Blork the orc

Vault maps used:
D:1:      lemuel_arrival_tunnels, minivault_14, kennysheep_another_room
D:2:      lemuel_coloured_pillars_altar, elyvilon_altar_1,
          nicolae_overflow_hidden_temple, nicolae_dithmenos_shadow_blocks,
          uniq_natasha
D:3:      nicolae_qazlal_eye_of_the_storm, bloody_trog
D:4:      minmay_temple_entry_enclosed_plants, first_ration,
          kennysheep_small_square, uniq_blork_the_orc, uniq_ijyb, uniq_grinder,
          uniq_duvessa

Skill      XL: |  1  2  3  4  5  6 |
---------------+-------------------+-----
Stealth        | 1 2 3 |  3.0
Fighting       | 2 |  2.6
Short Blades   | 1 2 |  2.8
Poison Magic   | 1 2 |  2.2
Dodging        | |  2.4
Unarmed Combat | |  3.7
Spellcasting   | |  2.3
Transmutations | |  2.2
Invocations    | |  0.5

Action                   |  1- 3 |  4- 6 || total
-------------------------+-------+-------++-------
Melee: Short sword       |    44 |   100 ||   144
       Constrict         |     8 |    25 ||    33
       Tentacles         |     5 |    18 ||    23
       Unarmed           |     2 |       ||     2
       Kick              |       |     6 ||     6
       Punch             |       |     2 ||     2
 Cast: Beastly Appendage |     1 |     2 ||     3
       Sticks to Snakes  |       |     2 ||     2
 Stab: Sleeping          |     7 |    14 ||    21
  Eat: Chunk             |       |     6 ||     6
Armor: Skin              |     4 |     5 ||     9
Dodge: Dodged            |    36 |    80 ||   116

Table legend:
 A = Spawn XP
 B = Non-spawn XP
 C = Spawn XP percentage of total XP
 D = Spawn monster count
 E = Non-spawn monster count
 F = Spawn count percentage of total count
 G = Total turns spent on level
                    A         B        C        D         E        F      G
               +---------+---------+-------+---------+---------+-------+---------
         Total |       0 |     430 |   0.0 |       0 |      80 |   0.0 |  2951
               +---------+---------+-------+---------+---------+-------+---------
           D:1 |       0 |      24 |   0.0 |       0 |      16 |   0.0 |  1072
           D:2 |       0 |     215 |   0.0 |       0 |      36 |   0.0 |  1079
           D:3 |       0 |     103 |   0.0 |       0 |      23 |   0.0 |   572
           D:4 |       0 |      88 |   0.0 |       0 |       5 |   0.0 |   228
               +---------+---------+-------+---------+---------+-------+---------
